 Dungeon Sprint DCSS version 0.18.1-8-gdd0e5ea (webtiles) character file.

1011 Matsuo the Grappler (level 8, -7/91 HPs)
             Began as a Troll Berserker on June 2, 2016.
             Was a Priest of Trog.
             Killed by an exploding giant spore (32 damage)
             ... in the Dungeon (Sprint I: "Red Sonja").
             The game lasted 00:02:47 (182 turns).

Matsuo the Grappler (Troll Berserker)                Turns: 182, Time: 00:02:48

Health: -7/91      AC:  5    Str: 31    XL:     8   Next: 1%
Magic:  7/7        EV: 13    Int:  3    God:    Trog [***...]
Gold:   328        SH:  0    Dex: 11    Spells: 0 memorised, 7 levels left

rFire  . . .     SeeInvis .       - Unarmed
rCold  . . .     Gourm    +     a - +0 animal skin
rNeg   . . .     Faith    .     (no shield)
rPois  .         Spirit   .     (helmet restricted)
rElec  .         Dismiss  .     (no cloak)
rCorr  .         Reflect  .     (gloves unavailable)
SustAt .         Harm     .     (boots unavailable)
MR     .....     NoTele   +     (no amulet)
Stlth  +.........               (no ring)
                                (no ring)

@: confused, mighty, lethally poisoned (-7 -> -7), not resistant to hostile
enchantments, very unstealthy
A: unfitting armour, claws 3, fast metabolism 3, gourmand, regeneration 2,
shaggy fur 1, tough skin 2
a: Berserk, Trog's Hand, Burn Spellbooks, Renounce Religion


You were in the Dungeon.
You worshipped Trog.
Trog was most pleased with you.
You were very full.

You visited 1 branch You collected 405 gold pieces.
You spent 77 gold pieces at shops.

Inventory:

Armour
 a - a +0 animal skin (worn)
Scrolls
 h - a scroll of blinking
Potions
 d - a potion of heal wounds
 e - a potion of haste
 f - 2 potions of magic
 g - a potion of berserk rage
 i - a potion of cancellation {unknown}
 k - 2 potions of flight
Comestibles
 b - 2 bread rations


   Skills:
 + Level 8.9 Fighting
 + Level 8.9 Dodging
 + Level 0.3 Stealth
 + Level 10.6 Unarmed Combat


You had 7 spell levels left.
You didn't know any spells.

Dungeon Overview and Level Annotations

Branches:
Dungeon (1/1)

Altars:
Elyvilon
Gozag
Kikubaaqudgha
Makhleb
Nemelex Xobeh
Okawaru
Pakellas
Qazlal
Ru
Sif Muna
Trog
Vehumet
Xom
Yredelemnul
Zin
The Shining One

Shops:
D !


Innate Abilities, Weirdness & Mutations

You are too large for most types of armour.
You have claws for hands.
Your metabolism is lightning-fast.
You like to eat raw meat.
You heal very quickly.
You are covered in fur (AC +1).
You have very tough skin (AC +2).


Message History

You now have 328 gold pieces (gained 27).
You feel sick. As you open the door, it creaks loudly!
You feel sick.
There is an open door here.
You feel sick.
You open the door. 2 giant spores come into view.
You feel sick.
A ballistomycete grows in the wake of the giant spore.
Found 97 gold pieces, 2 potions of curing, 12 bolts and an emerald potion.
You eviscerate the giant spore!!!
The giant spore explodes!
The explosion of spores engulfs the giant spore.
The giant spore explodes!
A fungus suddenly grows. x2
The explosion of spores engulfs the ballistomycete.
The explosion of spores engulfs you!
You are confused.
You die...

#..#__####.(##(#
#..#_.___##'#..+
#⌠⌠#_.∩...'..._#
####_..._##_)#+#
#_____###'#
#########.##
.......'...+
++++####...#
##@## #P#


P$P $!($$ ####### There were no monsters in sight!

Vanquished Creatures
  Sonja (D)
  Sigmund (D)
  A yak (D)
  An ogre (D)
  A jelly (D)
  Ijyb (D)
6 creatures vanquished.

Notes
Turn   | Place    | Note
--------------------------------------------------------------
     0 | D        | Matsuo the Troll Berserker began the quest for the Orb.
     0 | D        | Reached XP level 1. HP: 22/22 MP: 0/0
     2 | D        | Noticed Ijyb
    10 | D        | Killed Ijyb
    10 | D        | Reached skill level 4 in Unarmed Combat
    10 | D        | Reached XP level 2. HP: 32/32 MP: 1/1
    17 | D        | Noticed an ogre
    19 | D        | Killed an ogre
    19 | D        | Reached skill level 5 in Fighting
    19 | D        | Reached skill level 5 in Unarmed Combat
    19 | D        | Reached XP level 3. HP: 42/42 MP: 2/2
    19 | D        | Reached XP level 4. HP: 50/50 MP: 3/3
    42 | D        | Noticed Sigmund
    53 | D        | Killed Sigmund
    53 | D        | Reached ** piety under Trog
    53 | D        | Reached skill level 7 in Unarmed Combat
    53 | D        | Reached XP level 5. HP: 61/61 MP: 4/4
   116 | D        | Found a deep blue altar of Sif Muna.
   118 | D        | Found a radiant altar of Vehumet.
   120 | D        | Reached skill level 8 in Unarmed Combat
   120 | D        | Reached XP level 6. HP: 68/68 MP: 5/5
   137 | D        | Found Ijeafuoh's Distillery.
   137 | D        | Found a white marble altar of Elyvilon.
   137 | D        | Found a stormy altar of Qazlal.
   137 | D        | Found a basalt altar of Yredelemnul.
   137 | D        | Found an iron altar of Okawaru.
   137 | D        | Found a sparkling altar of Nemelex Xobeh.
   137 | D        | Found a shimmering altar of Xom.
   137 | D        | Found an ancient bone altar of Kikubaaqudgha.
   137 | D        | Noticed a yak
   140 | D        | Killed a yak
   140 | D        | Reached *** piety under Trog
   140 | D        | Reached skill level 9 in Unarmed Combat
   141 | D        | Found a burning altar of Makhleb.
   141 | D        | Found a sacrificial altar of Ru.
   141 | D        | Found an oddly glowing altar of Pakellas.
   141 | D        | Found a glowing golden altar of the Shining One.
   141 | D        | Found an opulent altar of Gozag.
   141 | D        | Found a glowing silver altar of Zin.
   142 | D        | Found a bloodstained altar of Trog.
   146 | D        | Bought a potion of might for 44 gold pieces
   146 | D        | Bought a potion of flight for 33 gold pieces
   151 | D        | Noticed Sonja
   163 | D        | Killed Sonja
   163 | D        | Reached skill level 10 in Unarmed Combat
   163 | D        | Reached XP level 7. HP: 23/81 MP: 6/6
   163 | D        | Reached XP level 8. HP: 26/91 MP: 7/7
   182 | D        | Killed by an exploding giant spore

Skill      XL: |  1  2  3  4  5  6 |
---------------+-------------------+-----
Fighting       | 3 5 6 8 |  8.9
Dodging        | 3 4 6 8 |  8.9
Unarmed Combat | 4 5 7 8 10 | 10.6
Stealth        | |  0.3

Action                   |  1- 3 |  4- 6 |  7- 9 || total
-------------------------+-------+-------+-------++-------
Melee: Unarmed           |     8 |    13 |     1 ||    22
       Punch             |     1 |       |       ||     1
Invok: Berserk           |       |     1 |       ||     1
       Trog's Hand       |       |     1 |       ||     1
  Use: Potion            |       |     2 |       ||     2
  Eat: Chunk             |       |     7 |       ||     7
Armor: Animal skin       |     2 |     6 |       ||     8
Dodge: Dodged            |     3 |    14 |       ||    17
